 Dungeon Crawl Stone Soup version 0.23-a0-139-ga22e90c (webtiles) character file.

58 Amnesiac the Gusty (level 3, -4/24 HPs)
             Began as a Mummy Air Elementalist on Aug 30, 2018.
             Slain by an iguana (7 damage)
             ... on level 4 of the Dungeon.
             The game lasted 00:02:38 (985 turns).

Amnesiac the Gusty (Mummy Air Elementalist)          Turns: 985, Time: 00:02:39

Health: -4/24      AC:  2    Str: 11    XL:     3   Next: 76%
Magic:  2/8        EV: 12    Int: 15    God:
Gold:   26         SH:  0    Dex: 12    Spells: 6/9 levels left

rFire    x . .     SeeInvis .   c - +2 flail (protect)
rCold    + . .     Gourm    .   (no shield)
rNeg     + + +     Faith    .   a - +0 robe
rPois    ∞         Spirit   .   (no helmet)
rElec    .         Reflect  .   (no cloak)
rCorr    .         Harm     .   (no gloves)
MR       .....                  (no boots)
Stlth    ++........             (no amulet)
HPRegen  0.08/turn              (no ring)
MPRegen  0.11/turn              (no ring)

@: no status effects
A: no food or potions, fire vulnerability, cold resistance 1, negative energy
resistance 3, torment resistance, unbreathing
a: no special abilities


You were on level 4 of the Dungeon.
You were not hungry.

You visited 1 branch of the dungeon, and saw 4 of its levels.

You collected 26 gold pieces.

Inventory:

Hand Weapons
 c - a +2 flail of protection (weapon)
Armour
 a - a +0 robe (worn)
Scrolls
 b - 2 scrolls of noise {!r, unknown}
 d - a scroll of enchant armour {!r, unknown}


   Skills:
 - Level 1.5 Dodging
 - Level 1.5 Stealth
 + Level 3.5 Spellcasting
 - Level 0.7 Conjurations
 * Level 3.6 Air Magic


You had 6 spell levels left.
You knew the following spells:

 Your Spells              Type           Power        Failure   Level  Hunger
a - Shock                 Conj/Air       #...         8%          1    N/A
z - Swiftness             Chrm/Air       #.......     14%         2    N/A

Your spell library contained the following spells:

 Spells                   Type           Power        Failure   Level  Hunger
 Static Discharge         Conj/Air       #.......     24%         3    N/A
 Airstrike                Air            ##........   41%         4    N/A
 Lightning Bolt           Conj/Air       #.........   91%         5    N/A

Dungeon Overview and Level Annotations

Branches:
Dungeon (4/15)
 Temple: D:4-7

Altars:
Trog


Innate Abilities, Weirdness & Mutations

You do not eat or drink.
Your flesh is vulnerable to fire.
You are immune to poison.
Your flesh is cold resistant. (rC+)
You are immune to negative energy. (rN+++)
You are immune to unholy pain and torment.
You can survive without breathing.


Message History

Confirm with . or Enter, or press ? or * to list all spells.
Aiming: Shock (safe; 8% risk of failure)
Press: ? - help, Shift-Dir - straight line, f - iguana
Aim: an iguana The zap hits the iguana.
The iguana is lightly wounded.
The zap hits the iguana.
The iguana appears unharmed.
The iguana is lightly wounded.
Unknown command.
Casting: Shock (safe; 8% risk of failure)
Confirm with . or Enter, or press ? or * to list all spells.
Aiming: Shock (safe; 8% risk of failure)
Press: ? - help, Shift-Dir - straight line, p - iguana The zap hits the iguana.
The iguana is moderately wounded.
The zap hits the iguana.
The iguana is moderately wounded.
Unknown command.
Casting: Shock (safe; 8% risk of failure)
Confirm with . or Enter, or press ? or * to list all spells.
Aiming: Shock (safe; 8% risk of failure)
Press: ? - help, Shift-Dir - straight line The zap hits the iguana.
The iguana is moderately wounded.
The zap hits the iguana.
The iguana appears unharmed.
The iguana is moderately wounded.
The iguana closely misses you.
Casting: Shock (safe; 8% risk of failure)
Confirm with . or Enter, or press ? or * to list all spells.
Aiming: Shock (safe; 8% risk of failure)
Press: ? - help, Shift-Dir - straight line The zap hits the iguana.
The iguana is heavily wounded.
The zap hits the iguana.
The iguana is severely wounded.
The iguana barely misses you.
Casting: Shock (safe; 8% risk of failure)
Confirm with . or Enter, or press ? or * to list all spells.
Aiming: Shock (safe; 8% risk of failure)
Press: ? - help, Shift-Dir - straight line The zap misses the iguana.
The zap hits the iguana.
The iguana is severely wounded.
The iguana bites you!
Ouch! That really hurt!
* * * LOW HITPOINT WARNING * * *
Casting: Shock (safe; 8% risk of failure)
Confirm with . or Enter, or press ? or * to list all spells.
Aiming: Shock (safe; 8% risk of failure)
Press: ? - help, Shift-Dir - straight line The zap hits the iguana.
The iguana is severely wounded.
The zap hits the iguana.
The iguana is almost dead.
The iguana bites you!
* * * LOW HITPOINT WARNING * * *
Casting: Shock (safe; 8% risk of failure)
Confirm with . or Enter, or press ? or * to list all spells.
Aiming: Shock (safe; 8% risk of failure)
Press: ? - help, Shift-Dir - straight line The zap misses the iguana.
The zap hits the iguana.
The iguana appears unharmed.
The iguana is almost dead.
The iguana bites you!
You die...

#.?... #..# #.... ...
#.l# ###.. #.## #...####
#..# #......### #..#
##........### ##.#
#...........#
##.########...........#
###.......##@#........<.#
#.........##l#..........#
##......<.#.##.........##
###.....#..##!........#
##..###.###.........#
#..##.## #........##
#.....# #........#
##.#.## ########## #####


You could see an iguana.

Vanquished Creatures
  A gnoll (D:2)
  3 adders
  An ooze (D:1)
  A dart slug (D:2)
  An orc (D:3)
  2 goblins
  5 hobgoblins
  A bat (D:2)
  2 rats
17 creatures vanquished.

Vanquished Creatures (others)
  8 toadstools (D:4)
8 creatures vanquished.

Grand Total: 25 creatures vanquished

Notes
Turn   | Place    | Note
-------+----------+-------------------------------------------
     0 | D:1      | Amnesiac the Mummy Air Elementalist began the quest for the
                  | Orb.
     0 | D:1      | Reached XP level 1. HP: 13/13 MP: 4/4
    80 | D:1      | Reached XP level 2. HP: 10/19 MP: 0/5
    84 | D:1      | Learned a level 2 spell: Swiftness
   363 | D:2      | Found a bloodstained altar of Trog.
   405 | D:2      | Reached XP level 3. HP: 20/24 MP: 1/7
   985 | D:4      | Slain by an iguana

Vault maps used:
D:1:      evilmike_arrival_plus
D:2:      lemuel_coloured_pillars_altar, vehumet_crystals
D:3:      makhleb_grotto_becter, serial_forest, infiniplex_forest_clump_medium,
          infiniplex_forest_straight_3, infiniplex_forest_clump_tiny,
          infiniplex_forest_lined_3, infiniplex_forest_lined_3_way,
          infiniplex_forest_clump_double, infiniplex_forest_fountain,
          infiniplex_forest_clump_tiny, first_ration, gammafunk_ghost_icy
D:4:      cheibrodos_fertilizer, nicolae_overflow_hidden_temple,
          ebering_ghost_sewer_d

Skill      XL: |  1  2 |
---------------+-------+-----
Air Magic      | 3 |  3.6
Spellcasting   | 3 |  3.5
Dodging        | |  1.5
Stealth        | |  1.5
Conjurations   | |  0.7

Action                   || total
-------------------------++-------
Melee: Unarmed           ||     9
 Cast: Shock             ||    51
  Use: Scroll            ||     1
Armor: Robe              ||    12
Dodge: Dodged            ||    28

Table legend:
 A = Non-vault XP
 B = Vault XP
 C = Vault XP percentage of total XP
 D = Non-vault monster count
 E = Vault monster count
 F = Vault count percentage of total count
                 A         B        C        D         E       F
            +---------+---------+-------+---------+---------+-------
      Total |      84 |       0 |   0.0 |      17 |       0 |   0.0
            +---------+---------+-------+---------+---------+-------
        D:1 |      18 |       0 |   0.0 |       7 |       0 |   0.0
        D:2 |      48 |       0 |   0.0 |       7 |       0 |   0.0
        D:3 |      18 |       0 |   0.0 |       3 |       0 |   0.0
            +---------+---------+-------+---------+---------+-------
